 Dungeon Crawl Stone Soup version 0.28-b1-1-g3c77fb2ed1 (webtiles) character file.

Game seed: 11855582627033699588

290 McKennaii the Magician (level 5, -7/38 HPs)
             Began as a Demigod Conjurer on Jan 27, 2022.
             Succumbed to a kobold brigand's curare-tipped dart
             ... on level 4 of the Dungeon.
             The game lasted 00:04:40 (4097 turns).

McKennaii the Magician (Demigod Conjurer)           Turns: 4097, Time: 00:04:41

Health: -7/38      AC:  2    Str:  8    XL:     5   Next: 83%
Magic:  9/16       EV: 12    Int: 24    God:
Gold:   155        SH:  0    Dex: 12    Spells: 7/14 levels left

rFire   . . .      SeeInvis .   k - +0 broad axe
rCold   . . .      Faith    .   (no shield)
rNeg    . . .      Spirit   .   a - +0 robe
rPois   .          Reflect  .   (no helmet)
rElec   .          Harm     .   (no cloak)
rCorr   .          Rampage  .   (no gloves)
Will    .....                   (no boots)
Stlth   ++........              (no amulet)
HPRegen 0.12/turn               (no ring)
MPRegen 0.15/turn               (no ring)

@: brilliant, lethally poisoned (-7 -> -48), slowed, very slow
A: high mp 1, forlorn, divine attributes
a: no special abilities


You were on level 4 of the Dungeon.
You visited 1 branch of the dungeon, and saw 4 of its levels.

You collected 155 gold pieces.

Inventory:

Hand Weapons
 k - a +0 broad axe (weapon)
Armour
 a - a +0 robe (worn)
Scrolls
 b - a scroll of amnesia {unknown}
 d - a scroll of teleportation {unknown}
 e - 3 scrolls of identify {unknown}
 h - a scroll of fear {unknown}
 m - a scroll of blinking {unknown}
 o - a scroll of holy word {unknown}
 p - a scroll of vulnerability {unknown}
Potions
 c - a potion of brilliance
 f - 2 potions of berserk rage {unknown}
 g - 2 potions of degeneration {unknown}
 i - a potion of might {unknown}
 j - 2 potions of curing {unknown}
 l - a potion of heal wounds {unknown}
 n - a potion of lignification {unknown}


   Skills:
 - Level 1.7 Dodging
 - Level 1.7 Stealth
 + Level 5.4 Spellcasting
 - Level 3.6 Conjurations


You had 7 spell levels left.
You knew the following spells:

 Your Spells              Type           Power      Damage    Failure   Level
a - Magic Dart            Conj           100%       1d8       1%          1
b - Searing Ray           Conj           70%        2d7       3%          2
c - Iskenderun's Mystic   Conj/Tloc      22%        2d6       38%         4

Your spell library contained the following spells:

 Spells                   Type           Power      Damage    Failure   Level
 Animate Skeleton         Necr           18%        N/A       9%          1
 Pain                     Necr           36%        1d5       9%          1
 Dazzling Flash           Conj/Hex       44%        N/A       12%         3
 Ozocubu's Armour         Ice            9%         N/A       26%         3
 Vampiric Draining        Necr           9%         2d6       26%         3
 Fulminant Prism          Conj/Hex       11%        3d9       38%         4
 Metabolic Englaciation   Hex/Ice        4%         N/A       93%         5
 Simulacrum               Ice/Necr       4%         N/A       100%        6


Dungeon Overview and Level Annotations

Branches:
Dungeon (4/15)             Temple (0/1) D:4


Innate Abilities, Weirdness & Mutations

You have an increased reservoir of magic. (+10% MP)
You shall have no god before yourself.
Your divine heritage dramatically boosts your attributes as you level up.


Message History

The hobgoblin is almost dead.
The magic dart hits the hobgoblin.
You kill the hobgoblin!
The kobold brigand throws a curare-tipped dart.
The curare-tipped dart barely misses you.
The magic dart hits the kobold brigand.
The kobold brigand is lightly wounded.
The magic dart hits the kobold brigand.
The kobold brigand is lightly wounded.
The magic dart hits the kobold brigand.
The kobold brigand is moderately wounded.
The kobold brigand throws a curare-tipped dart.
The curare-tipped dart hits you.
You are poisoned.
You have difficulty breathing.
You feel yourself slow down.
Casting: Magic Dart (safe; 1% risk of failure)
Confirm with . or Enter, or press ? or * to list all spells.
Aiming: Searing Ray (safe; 3% risk of failure)
Press: ? - help, Shift-Dir - straight line, f/p - kobold brigand
Aim: a kobold brigand, wielding a +0 club and quivering curare-tipped darts (moderately wounded, 72% to hit)
The searing ray misses the kobold brigand. (Press . to maintain the ray.)
You feel very sick.
The kobold brigand throws a curare-tipped dart.
The curare-tipped dart hits you.
You are lethally poisoned!
You have difficulty breathing.
You feel as though you will be slow longer.
The searing ray hits the kobold brigand.
The kobold brigand is heavily wounded.
You feel extremely sick.
The kobold brigand throws a curare-tipped dart.
The curare-tipped dart hits you.
You are more poisoned.
You have difficulty breathing.
* * * LOW HITPOINT WARNING * * *
You feel as though you will be slow longer.
It was a potion of brilliance.
You feel clever all of a sudden.
You die...

..### #.##.### ⌠.#.#
##.##...## .# ..#.#
#..#####.# .#
###.#######.########.)#
..#..#...........##...
⌠.#...............#K.
..#................#
.##........".......#
.#.......)......@..#
..............)....#
##.................#
#................##
#.........#.....##
#......##########
#....<.# #......#
#......#


You could see a kobold brigand.

Vanquished Creatures
  A jelly (D:4)
  A centaur skeleton (D:3)
  Natasha (thrice) (D:2)
  A killer bee zombie (D:4)
  A hound skeleton (D:4)
  A gnoll (D:1)
  4 adders
  A worm (D:2)
  3 dart slugs
  An orc (D:3)
  10 endoplasms
  4 giant cockroaches
  3 goblins
  8 hobgoblins
  9 kobolds
  3 quokkas
  7 ball pythons
  5 bats
  3 frilled lizards (D:3)
  6 rats
75 creatures vanquished.

Vanquished Creatures (others)
  4 plants (D:1)
4 creatures vanquished.

Grand Total: 79 creatures vanquished

Notes
Turn   | Place    | Note
-------+----------+-------------------------------------------
     0 | D:1      | McKennaii the Demigod Conjurer began the quest for the Orb.
     0 | D:1      | Reached XP level 1. HP: 14/14 MP: 5/5
    41 | D:1      | Reached skill level 2 in Spellcasting
   284 | D:1      | Reached XP level 2. HP: 20/20 MP: 1/8
   632 | D:1      | Reached skill level 3 in Spellcasting
   914 | D:1      | Reached XP level 3. HP: 26/26 MP: 3/10
  1166 | D:1      | Learned a level 2 spell: Searing Ray
  1507 | D:2      | Noticed Natasha
  1512 | D:2      | Killed Natasha
  1728 | D:2      | Noticed Natasha
  1730 | D:2      | Killed Natasha
  1731 | D:2      | Reached skill level 4 in Spellcasting
  1731 | D:2      | Reached XP level 4. HP: 33/33 MP: 9/13
  1949 | D:2      | Noticed Natasha
  1956 | D:2      | Killed Natasha
  2373 | D:2      | Reached XP level 5. HP: 38/38 MP: 12/15
  2805 | D:3      | Learned a level 4 spell: Iskenderun's Mystic Blast
  2973 | D:3      | Reached skill level 5 in Spellcasting
  4057 | D:4      | Found a staircase to the Ecumenical Temple.
  4097 | D:4      | Succumbed to a kobold brigand's curare-tipped dart

Illustrated notes

Levels and vault maps discovered:
D:1:      elethiomel_arrival_quiet, layout_loops_ring,
          chequers_ecumenical_altar_lobes, glass_columns_c,
          minmay_indecisive_spiral
D:2:      layout_basic, uniq_natasha
D:3:      layout_rooms, st_stairs_12, minmay_unequal
D:4:      cheibrodos_thug_alley, layout_rooms, mainiacjoe_overflow_two_lobes,
          minmay_temple_entry_nine_rooms

Skill      XL: |  1  2  3  4  5 |
---------------+----------------+-----
Spellcasting   | 2 3 4 5 |  5.4
Dodging        | |  1.7
Stealth        | |  1.7
Conjurations   | |  3.6

Action                   |  1- 3 |  4- 6 || total
-------------------------+-------+-------++-------
 Cast: Magic Dart        |    75 |   107 ||   182
       Searing Ray       |     2 |     4 ||     6
  Use: Potion            |       |     1 ||     1
Armor: Robe              |     2 |     8 ||    10
Dodge: Dodged            |     8 |    22 ||    30
